 Dungeon Crawl Stone Soup version 0.28-a0-811-g00180f5 (webtiles) character file.

Game seed: 13602820575667575350

160997 PublicAnimeNo1 the Unseen (level 18, -2/110 HPs)
             Began as a Kobold Brigand on Nov 3, 2021.
             Was the Champion of Wu Jian.
             Slain by an eleionoma (6 damage)
             ... on level 3 of the Swamp on Nov 7, 2021.
             The game lasted 01:42:03 (39968 turns).

PublicAnimeNo1 the Unseen (Kobold Brigand)         Turns: 39968, Time: 01:42:04

Health: -2/110     AC: 15    Str: 17    XL:     18   Next: 40%
Magic:  10/28      EV: 23    Int: 30    God:    Wu Jian [******]
Gold:   882        SH:  5    Dex: 13    Spells: 5/31 levels left

rFire   + . .      SeeInvis .   a - +10 dagger of Dividends {holy, Will+ Str+3 Int+7}
rCold   + . .      Faith    .   (shield restricted)
rNeg    . . .      Spirit   .   C - +0 swamp dragon scales
rPois   +          Reflect  +   h - +2 helmet of the Dice {Int+7}
rElec   +          Harm     .   Q - scarf {rC+ rF+}
rCorr   .          Rampage  .   k - +0 pair of gloves
Will    +++..                   c - +2 pair of boots
Stlth   +++++++...              i - amulet of reflection
HPRegen 0.28/turn               s - +4 ring of evasion
MPRegen 0.21/turn               V - ring of Hiemiebu {rElec Will+ Str+3 Dex-5}

@: studying 2 skills
A: small, no large weapons, nightstalker 3
a: Renounce Religion, Wall Jump, Serpent's Lash, Heavenly Storm


You were on level 3 of the Swamp.
You worshipped Wu Jian.
Wu Jian was exalted by your worship.
You visited 7 branches of the dungeon, and saw 30 of its levels.
You also visited: Ice Cave.

You collected 4117 gold pieces.
You spent 3235 gold pieces at shops.

Inventory:

Hand Weapons
 a - the +10 dagger of Dividends (weapon) {holy, Will+ Str+3 Int+7}
   (You found it on level 5 of the Lair of Beasts)

   It has been blessed by the Shining One to cause great damage to the undead
   and demons.
   Str:       It affects your strength (+3).
   Int:       It affects your intelligence (+7).
   Will:      It increases your willpower.
 b - the +7 pair of quick blades "Gyre" and "Gimble" {protect}
   (You found it on level 8 of the Dungeon)

   It grants its wielder temporary protection when it strikes (+7 to AC).
 m - the +8 lance "Wyrmbane" {slay drac, rPois rF+ rC+ AC+3}
   (You bought it in a shop on level 2 of the Orcish Mines)

   It inflicts extra damage against dragons and draconians.
   AC:        It affects your AC (+3).
   rF:        It protects you from fire.
   rC:        It protects you from cold.
   rPois:     It protects you from poison.
Missiles
 d - 61 poisoned darts
 e - 6 curare-tipped darts
Armour
 c - a +2 pair of boots (worn)
 h - the +2 helmet of the Dice (worn) {Int+7}
   (You acquired it on level 11 of the Dungeon)

   Int:       It affects your intelligence (+7).
 k - a +0 pair of gloves (worn)
 C - +0 swamp dragon scales (worn)
 Q - a scarf of resistance (worn)
Jewellery
 i - an amulet of reflection (around neck)
 o - a +6 ring of dexterity
 s - a +4 ring of evasion (left hand)
 x - a ring of ice
 K - a ring of positive energy
 V - the ring of Hiemiebu (right hand) {rElec Will+ Str+3 Dex-5}
   (You found it in an ice cave)

   [ring of willpower]

   Str:       It affects your strength (+3).
   Dex:       It affects your dexterity (-5).
   rElec:     It insulates you from electricity.
   Will:      It increases your willpower.
Wands
 g - a wand of iceblast (19)
 j - a wand of acid (1)
 p - a wand of digging (6)
 u - a wand of paralysis (34)
 y - a wand of flame (122)
 F - a wand of polymorph (11)
 O - a wand of mindburst (7)
 S - a wand of charming (10)
Scrolls
 f - 5 scrolls of fog
 l - 4 scrolls of enchant weapon
 v - 3 scrolls of teleportation
 A - a scroll of blinking
 G - 4 scrolls of amnesia
 H - 2 scrolls of magic mapping
 J - 2 scrolls of identify
 N - 4 scrolls of fear
 P - 2 scrolls of brand weapon
 T - 2 scrolls of holy word
Potions
 n - 4 potions of flight
 r - 3 potions of curing
 t - 2 potions of cancellation
 z - 2 potions of attraction
 B - a potion of heal wounds
 D - 2 potions of brilliance
 E - 4 potions of ambrosia
 I - 2 potions of lignification
 L - a potion of haste
 W - 4 potions of mutation
 X - a potion of berserk rage
Miscellaneous
 q - a phantom mirror
 w - a piece from Xom's chessboard (15/15)


   Skills:
 + Level 11.4 Fighting
 - Level 10.0 Short Blades
 * Level 7.9 Polearms
 - Level 2.1 Throwing
 - Level 3.2 Armour
 - Level 13.5 Dodging
 - Level 17.7 Stealth
 - Level 7.1 Spellcasting
 - Level 10.0 Hexes
 - Level 9.0 Necromancy
 + Level 8.7 Transmutations
 - Level 4.0 Ice Magic
 - Level 12.2 Earth Magic
 - Level 8.0 Evocations


You had 5 spell levels left.
You knew the following spells:

 Your Spells              Type           Power      Damage    Failure   Level
a - Ensorcelled Hibernat  Hex/Ice        100%       N/A       1%          2
b - Animate Armour        Summ/Erth      94%        N/A       7%          4
c - Petrify               Tmut/Erth      65%        N/A       1%          4
d - Borgnjor's Vile Clut  Necr/Erth      32%        N/A       3%          5
e - Lee's Rapid Deconstr  Erth           35%        3d19*     1%          5
f - Statue Form           Tmut/Erth      43%        N/A       17%         6

Your spell library contained the following spells:

 Spells                   Type           Power      Damage    Failure   Level
 Sandblast                Erth           100%       2d20      1%          1
 Corpse Rot               Necr/Air       74%        N/A       1%          2
 Sublimation of Blood     Necr           59%        N/A       1%          2
 Dispel Undead            Necr           59%        3d21      1%          4
 Dazzling Flash           Conj/Hex       80%        N/A       3%          3
 Portal Projectile        Hex/Tloc       80%        N/A       3%          3
 Spider Form              Tmut/Pois      37%        N/A       4%          3
 Ice Form                 Ice/Tmut       49%        N/A       6%          4
 Agony                    Necr           59%        N/A       6%          5
 Blade Hands              Tmut           29%        N/A       6%          5
 Excruciating Wounds      Necr           29%        N/A       6%          5
 Ignite Poison            Fire/Tmut/Pois 28%        N/A       8%          3
 Foxfire                  Conj/Fire      40%        2x1d6     9%          1
 Fulminant Prism          Conj/Hex       20%        3d13      11%         4
 Poisonous Vapours        Pois/Air       20%        N/A       13%         2
 Static Discharge         Conj/Air       10%        N/A       13%         2
 Silence                  Hex/Air        20%        N/A       30%         5
 Hailstorm                Conj/Ice       22%        3d7       36%         4
 Alistair's Intoxication  Tmut/Pois      24%        N/A       36%         5
 Irradiate                Conj/Tmut      18%        3d20      36%         5
 Iskenderun's Mystic Bla  Conj/Tloc      10%        2d4       63%         4
 Sticky Flame             Conj/Fire      10%        2d3       63%         4
 Lightning Bolt           Conj/Air       5%         1d17      93%         5
 Simulacrum               Ice/Necr       24%        N/A       65%         6
 Iron Shot                Conj/Erth      23%        9d5       71%         6
 Dragon Form              Tmut           29%        N/A       89%         7
 Eringya's Noxious Bog    Tmut/Pois      18%        N/A       91%         6
 Maxwell's Capacitive Co  Air            5%         ∞         100%        8


Dungeon Overview and Level Annotations

Branches:
Dungeon (15/15)            Temple (1/1) D:5            Lair (6/6) D:9
  Swamp (3/4) Lair:2       Spider (2/4) Lair:2        Slime (0/5) Lair:5
    Orc (2/2) D:10            Elf (1/3) Orc:2        Depths (0/4) D:15
  IceCv (visited)
 Vaults: D:13-14

Altars:
Ashenzari
Cheibriados
Dithmenos
Elyvilon
Fedhas
Hepliaklqana
Kikubaaqudgha
Makhleb
Nemelex Xobeh
Sif Muna
Uskayaw
Wu Jian
Yredelemnul
The Shining One

Shops:
D:2 [   D:12 =   Orc:2 *=(!*

Annotations:
D:11 exclusion: door
D:13 exclusions: 3 doors, oklob plant and 1 more exclusion
Lair:2 2 transporters
Lair:3 2 transporters
Spider:1 1 runed translucent door


Innate Abilities, Weirdness & Mutations

You are small and have problems with some larger weapons.
You are completely attuned to the shadows.


Message History

You puncture the will-o-the-wisp!
The will-o-the-wisp is heavily damaged.
The foxfire hits you! You resist.
The will-o-the-wisp completely misses you.
The foxfire hits you. You resist.
Aiming: Corrosive Bolt
Press: ? - help, Shift-Dir - straight line, f/p - will-o-the-wisp
Aim: a will-o-the-wisp (heavily damaged, 74% to hit)
The bolt of acid hits the will-o-the-wisp!!
The acid corrodes the will-o-the-wisp!
You destroy the will-o-the-wisp!
The Council accepts your kill.
You start resting.
An eleionoma comes into view.
An eleionoma is nearby!
You start resting.
An eleionoma is nearby!
Aiming: Borgnjor's Vile Clutch (dangerous; 3% risk of failure)
Press: ? - help, Q - select action, (/) - cycle Shift-Dir - straight line, f - eleionoma
Aim: an eleionoma (100% to hit)
Zombie hands grab the eleionoma.
The zombie hands constrict the eleionoma!
The eleionoma hurls a spray of splinters at you.
The spray of wooden splinters hits you!
The zombie hands constrict the eleionoma!
The eleionoma struggles to escape constriction.
You lunge at the eleionoma, in a flurry of attacks.
You puncture the eleionoma!
The eleionoma is heavily wounded.
You hit the eleionoma.
The eleionoma is heavily wounded.
The zombie hands constrict the eleionoma!
The eleionoma hurls a spray of splinters at you.
The spray of wooden splinters hits you!!!
* * * LOW HITPOINT WARNING * * *
You hit the eleionoma.
The eleionoma is severely wounded.
The zombie hands constrict the eleionoma!
The eleionoma hits you.
You die...

♣♣ #.#..#.#
♣..#......#
♣..#.'##)##?.♣.♣≈≈≈.≈
.......[....≈...≈≈§..
♣≈.#.#..####..$.≈≈≈♣.
.# ###.†.# ♣≈≈†♣≈.≈
#...## ♣<..≈≈.≈. ##.R#
♣†.≈≈.≈≈≈
♣####@.####♣♣♣≈.≈.....
♣..........♣♣....≈≈≈.≈
♣♣♣♣.♣♣♣..♣♣♣♣≈.≈.†?..
♣.≈≈♣♣♣.♣♣♣.≈≈≈..♣..
♣♣.♣♣ ♣≈.♣♣....≈♣♣ ♣.♣
♣♣...(≈≈.≈♣ ♣..♣≈≈♣§♣♣
♣♣...≈≈≈♣ ♣♣♣...≈♣


You could see an eleionoma (clutched).

Vanquished Creatures
  Jorgrun (D:15)
  Gastronok (D:9)
  A thorn hunter (Swamp:1)
  A fenstrider witch (Swamp:1)
  An orc warlord (Orc:2)
  A deep elf elementalist (Elf:1)
  A ghost moth (Spider:1)
  A spark wasp (Spider:2)
  4 bunyips
  Snorg (Orc:1)
  2 eleionomae (Swamp:2)
  A shambling mangrove (Swamp:1)
  A vault guard (D:11)
  5 boulder beetles
  Erolcha (Orc:1)
  3 ogre magi
  10 hydras
  3 catoblepae
  2 ironbound frosthearts (IceCv)
  15 two-headed ogres
  2 alligators (Swamp:2)
  5 dancing weapons (Elf:1)
  4 centaur warriors
  10 death yaks
  A tengu warrior (D:15)
  An orc high priest (Orc:1)
  Urug (D:10)
  A hell knight (D:15)
  5 deep elf knights (Elf:1)
  Sonja (Lair:2)
  2 spriggan druids
  2 deep trolls
  8 goliath frogs
  5 swamp dragons
  3 deep elf archers (Elf:1)
  A bog body (Swamp:2)
  4 shadow demons
  A wizard (D:15)
  2 necromancers
  6 deep elf zephyrmancers (Elf:1)
  7 deep elf pyromancers (Elf:1)
  10 orb spiders
  An orc sorcerer (Orc:2)
  2 cyclopes (Orc:2)
  6 ugly things
  A manticore (D:14)
  9 wolf spiders
  A will-o-the-wisp (Swamp:3)
  4 centaur zombies
  2 elephants (Lair:2)
  An ice statue (IceCv)
  4 black mambas
  A cane toad (shapeshifter) (D:14)
  A torpor snail (Spider:1)
  Joseph (D:8)
  2 gargoyles
  20 cane toads
  9 komodo dragons
  3 demonic crawlers (Spider:1)
  3 tengu conjurers
  7 rime drakes
  3 efreet
  2 freezing wraiths
  A yaktaur (D:15)
  14 polar bears
  8 jumping spiders
  6 tyrant leeches
  A queen bee (Lair:2)
  4 hornets
  11 trolls
  Grinder (D:5)
  The ghost of Rigg the Chiller, an amateur MfIE (D:4)
  15 blink frogs
  5 dream sheep (Lair:6)
  11 slime creatures (D:13)
  10 redbacks
  13 wyverns
  4 shadows
  A vampire (D:12)
  2 centaur simulacra
  88 yaks
  5 spriggans
  5 tarantellas
  A fire elemental (D:14)
  2 wraiths
  Grum (D:9)
  9 basilisks
  4 humans (D:13)
  2 steam dragons
  14 two-headed ogre zombies (Orc:1)
  18 vampire mosquitoes
  3 wargs
  Menkaure (D:5)
  13 swamp worms
  A harpy simulacrum (D:14)
  16 water moccasins
  3 acid dragons
  2 swamp drakes
  A nameless horror (D:15)
  17 orc warriors
  2 hornet zombies
  An ice beast (D:5)
  30 ogres
  15 wolves
  11 centaurs
  A kobold brigand (D:9)
  12 bullfrogs
  5 scorpions
  A water moccasin zombie (D:9)
  A wyvern zombie (D:7)
  A cane toad simulacrum (Lair:5)
  An elephant simulacrum (Lair:5)
  31 killer bees
  4 wights (D:10)
  A bullfrog zombie (D:6)
  3 electric eels
  3 howler monkeys
  A gnoll shaman (D:10)
  A jelly (D:4)
  10 hounds
  11 orc priests
  2 centaur skeletons
  6 iguanas
  An iron imp (D:8)
  Terence (D:3)
  17 orc wizards
  Natasha (thrice) (D:3)
  A yak simulacrum (Lair:3)
  5 polar bear simulacra
  2 wolf simulacra
  An ogre zombie (Orc:1)
  4 gnolls (D:10)
  A howler monkey skeleton (D:5)
  2 river rats (D:5)
  6 adders
  A white imp (D:7)
  An ufetubus (D:6)
  An adder skeleton (D:4)
  2 worms
  4 dart slugs
  72 orcs
  10 ball pythons
  2 endoplasms
  2 giant cockroaches
  3 goblins
  7 hobgoblins
  11 kobolds
  A quokka (D:2)
  4 bats
  6 rats
  6 river rat simulacra (Lair:3)
866 creatures vanquished.

Vanquished Creatures (collateral kills)
  A centaur warrior (D:15)
  2 tengu warriors (D:15)
  A deep troll (Orc:2)
  An ugly thing (D:15)
  A cyclops (Orc:1)
  A demonic crawler (Spider:1)
  A jumping spider (Spider:1)
  A troll (Orc:2)
  A two-headed ogre zombie (Orc:1)
10 creatures vanquished.

Vanquished Creatures (others)
  A spriggan (Swamp:2)
  A deep elf knight (Elf:1)
  3 bloated husks
  A hornet (Swamp:2)
  2 orcs (Orc:2)
  A bush (Lair:5)
  4 foxfires (Swamp:3)
  44 fungi
  110 plants
167 creatures vanquished.

Grand Total: 1043 creatures vanquished

Notes
Turn   | Place    | Note
-------+----------+-------------------------------------------
     0 | D:1      | PublicAnimeNo1 the Kobold Brigand began the quest for the
                  | Orb.
     0 | D:1      | Reached XP level 1. HP: 12/12 MP: 1/1
   267 | D:1      | Reached XP level 2. HP: 18/18 MP: 2/2
   858 | D:1      | Reached XP level 3. HP: 22/22 MP: 3/3
  1320 | D:2      | Learned a level 2 spell: Ensorcelled Hibernation
  1416 | D:2      | Found a faded altar of an unknown god.
  1419 | D:2      | Got the Papyrus of the Scorching Mountains
  1424 | D:2      | Prayed at the altar of an unknown god.
  1424 | D:2      | Became a worshipper of the Shining One
  1424 | D:2      | Reached * piety under the Shining One
  1425 | D:2      | Fell from the grace of the Shining One
  1428 | D:2      | Found Atisis's Armour Emporium.
  2094 | D:3      | Noticed Terence
  2097 | D:3      | Killed Terence
  2098 | D:3      | Reached skill level 6 in Stealth
  2098 | D:3      | Reached XP level 4. HP: 28/28 MP: 4/4
  2183 | D:3      | Found a hazy altar of Hepliaklqana.
  2200 | D:3      | Noticed Natasha
  2203 | D:3      | Killed Natasha
  2209 | D:3      | Noticed Natasha
  2219 | D:3      | Killed Natasha
  2220 | D:3      | Reached XP level 5. HP: 33/33 MP: 5/5
  2233 | D:3      | Noticed Natasha
  2250 | D:3      | Killed Natasha
  2526 | D:3      | Found a sparkling altar of Nemelex Xobeh.
  2556 | D:3      | Found a shadowy altar of Dithmenos.
  2558 | D:3      | Found a burning altar of Makhleb.
  2561 | D:3      | Found a glowing golden altar of the Shining One.
  2566 | D:3      | Reached skill level 7 in Stealth
  2567 | D:3      | Found a broken altar of Ashenzari.
  2575 | D:3      | Became a worshipper of Dithmenos the Shadowed
  2628 | D:3      | Found an ornate altar of the Wu Jian Council.
  2645 | D:3      | Fell from the grace of Dithmenos
  2645 | D:3      | Became a worshipper of the Wu Jian Council
  3233 | D:4      | Noticed a centaur
  3234 | D:4      | Noticed a centaur
  3235 | D:4      | Killed a centaur
  3236 | D:4      | Reached skill level 1 in Spellcasting
  3236 | D:4      | Reached XP level 6. HP: 38/38 MP: 5/8
  3238 | D:4      | Reached skill level 5 in Short Blades
  3285 | D:4      | Reached XP level 7. HP: 43/43 MP: 10/10
  3351 | D:4      | Found a large runed translucent door.
  3351 | D:4      | Found a large runed translucent door.
  3378 | D:4      | Reached skill level 8 in Stealth
  3646 | D:5      | Entered Level 5 of the Dungeon
  3718 | D:5      | Found a staircase to the Ecumenical Temple.
  3785 | D:5      | Reached XP level 8. HP: 48/48 MP: 13/13
  3810 | D:5      | Reached * piety under Wu Jian
  3829 | D:5      | Found a glowing drain.
  3832 | D:5      | Noticed a shadow demon
  3832 | D:5      | Noticed a shadow
  3832 | D:5      | Noticed a shadow demon
  3832 | D:5      | Noticed a shadow
  3876 | D:4      | Reached skill level 9 in Stealth
  4448 | D:6      | Reached skill level 1 in Hexes
  4448 | D:6      | Reached skill level 1 in Ice Magic
  4511 | D:6      | Noticed a shadow
  4883 | D:5      | Reached skill level 1 in Evocations
  4883 | D:5      | Noticed Menkaure
  4892 | D:5      | Killed Menkaure
  4896 | Temple   | Entered the Ecumenical Temple
  5276 | D:6      | Killed a shadow
  5277 | D:6      | Reached XP level 9. HP: 20/52 MP: 15/15
  5524 | D:6      | Found an ancient bone altar of Kikubaaqudgha.
  7302 | D:8      | Noticed Joseph
  7645 | D:8      | You fall into a shaft and drop 3 floors!
  7650 | D:11     | Reached XP level 10. HP: 58/58 MP: 16/16
  7664 | D:10     | Entered Level 10 of the Dungeon
  7712 | D:11     | Was forgiven by Dithmenos
  7713 | D:11     | Noticed a shadow demon
  7713 | D:11     | Noticed a shadow demon
  7715 | D:11     | Noticed a manticore
  7882 | D:10     | Reached skill level 5 in Fighting
  7882 | D:10     | Reached skill level 5 in Hexes
  7923 | D:10     | Noticed Urug
  7931 | D:10     | Killed Urug
  7955 | D:10     | Reached ** piety under Wu Jian
  7968 | D:10     | Found a shimmering blue altar of Sif Muna.
  8086 | D:9      | Noticed Grum
  8086 | D:9      | Noticed a two-headed ogre
  8089 | D:9      | Killed a two-headed ogre
  8090 | D:9      | Reached skill level 10 in Short Blades
  8090 | D:9      | Killed Grum
  8093 | D:9      | Reached skill level 5 in Dodging
  8170 | D:8      | Noticed a two-headed ogre
  8170 | D:8      | Noticed a two-headed ogre
  8175 | D:8      | Killed a two-headed ogre
  8179 | D:8      | Killed a two-headed ogre
  8180 | D:8      | Reached XP level 11. HP: 66/66 MP: 15/17
  8180 | D:8      | Found the +7 pair of quick blades "Gyre" and "Gimble"
                  | {protect}
  8390 | D:8      | Killed Joseph
  8708 | D:8      | Found a snail-covered altar of Cheibriados.
  8821 | D:8      | Found a hide-covered altar of Uskayaw.
  8986 | D:9      | Reached skill level 10 in Stealth
  9338 | D:9      | Noticed Gastronok
  9361 | D:9      | Killed Gastronok
  9362 | D:9      | Reached skill level 5 in Spellcasting
  9502 | D:9      | Identified the +2 long sword "Ogre's Curse" {pain, rN+
                  | Str-2 Dex+2}
  9650 | D:9      | Reached *** piety under Wu Jian
  9779 | D:9      | Found a staircase to the Lair.
  9911 | D:9      | Noticed a two-headed ogre
  9917 | D:9      | Killed a two-headed ogre
 10231 | D:10     | Found a staircase to the Orcish Mines.
 10254 | D:10     | Reached **** piety under Wu Jian
 10348 | D:10     | Found a basalt altar of Yredelemnul.
 10410 | D:10     | Reached XP level 12. HP: 71/71 MP: 20/20
 10724 | D:10     | Found a white marble altar of Elyvilon.
 10996 | D:11     | Noticed an ice dragon
 10996 | D:11     | Noticed a two-headed ogre
 11031 | D:10     | Killed a shadow demon
 11115 | D:11     | Killed a shadow demon
 11175 | Lair:1   | Entered Level 1 of the Lair of Beasts
 11196 | Lair:1   | Reached skill level 11 in Stealth
 11696 | Lair:1   | Reached skill level 5 in Evocations
 12129 | Lair:1   | You fall into a shaft and drop 1 floor!
 12152 | Lair:2   | Noticed Sonja
 12246 | Lair:2   | Killed Sonja
 12357 | Lair:2   | Reached skill level 12 in Stealth
 12408 | Lair:2   | Found a hole to the Spider Nest.
 12414 | Lair:2   | Noticed a boulder beetle
 12438 | Lair:2   | Killed a boulder beetle
 12719 | D:5      | Killed a shadow demon
 12769 | D:2      | Bought +0 swamp dragon scales for 650 gold pieces
 12842 | D:4      | Noticed Rigg's ghost (amateur MfIE)
 12844 | D:4      | Killed Rigg's ghost
 12888 | D:5      | Killed a shadow demon
 13105 | D:5      | Noticed Grinder
 13108 | D:5      | Killed Grinder
 13649 | D:11     | Reached XP level 13. HP: 78/78 MP: 23/23
 13694 | D:11     | Identified a scroll of acquirement
 13694 | D:11     | Acquired the +2 helmet of the Dice {Int+7}
 13713 | D:11     | Noticed a vault guard
 13715 | D:11     | Killed a vault guard
 13716 | D:11     | Reached skill level 10 in Hexes
 14314 | Lair:2   | Found a transporter.
 14325 | Lair:2   | Found a transporter.
 14358 | Lair:2   | Found a staircase to the Swamp.
 14452 | Lair:2   | Reached skill level 13 in Stealth
 14470 | Lair:2   | Reached ***** piety under Wu Jian
 14471 | Lair:2   | Reached skill level 10 in Dodging
 14517 | Lair:2   | Learned a level 4 spell: Animate Armour
 14539 | Lair:2   | Noticed a catoblepas
 14863 | Lair:2   | Killed a catoblepas
 14987 | Lair:2   | Reached skill level 14 in Stealth
 15014 | Lair:2   | Identified the +7 demon blade of the Beast {flame, *Rage
                  | rElec rF+++ Int-3}
 15198 | Lair:2   | Reached skill level 10 in Fighting
 15776 | Lair:3   | Reached skill level 1 in Earth Magic
 15894 | Lair:3   | Found a transporter.
 15974 | Lair:3   | Noticed a six-headed hydra
 15977 | Lair:3   | Killed a six-headed hydra
 15997 | Lair:3   | Found a transporter.
 16278 | Lair:3   | Reached XP level 14. HP: 45/88 MP: 24/24
 17020 | Lair:3   | Reached skill level 15 in Stealth
 17092 | Lair:3   | Reached skill level 5 in Earth Magic
 18850 | Lair:5   | Found a frozen archway.
 18871 | IceCv    | Entered an ice cave
 18990 | IceCv    | Learned a level 4 spell: Petrify
 19087 | IceCv    | Reached skill level 1 in Transmutations
 19826 | IceCv    | Reached skill level 16 in Stealth
 20098 | IceCv    | Identified the +10 dagger of Fedhas's Condemnation
                  | {protect, Str+4}
 20104 | IceCv    | Identified the ring of Hiemiebu {rElec Will+ Str+3 Dex-5}
 20171 | Lair:5   | Found a staircase to the Slime Pits.
 20332 | Lair:5   | Identified the +10 dagger of Dividends {holy, Will+ Str+3
                  | Int+7}
 20678 | Lair:5   | Reached XP level 15. HP: 82/92 MP: 25/25
 20985 | Lair:6   | Entered Level 6 of the Lair of Beasts
 21313 | Lair:5   | Upgraded the game from 0.28-a0-793-g31680bb to
                  | 0.28-a0-802-g09f76e8
 21557 | Lair:6   | Reached ****** piety under Wu Jian
 22148 | Lair:6   | Reached skill level 5 in Transmutations
 23170 | Orc:1    | Entered Level 1 of the Orcish Mines
 23194 | Orc:1    | Noticed Snorg
 23205 | Orc:1    | Killed Snorg
 23328 | Orc:2    | Entered Level 2 of the Orcish Mines
 23328 | Orc:2    | Found Hacsuapt's Humungous Hoard.
 23473 | Orc:2    | Noticed an orc warlord
 23498 | Orc:2    | Killed an orc warlord
 23564 | Orc:2    | Found a staircase to the Elven Halls.
 23666 | Orc:2    | Found Suekles's Assorted Antiques.
 23674 | Orc:2    | Found Ossob's Jewellery Shoppe.
 23684 | Orc:2    | Found Wefica's Antique Weapon Shop.
 23690 | Orc:2    | Reached skill level 1 in Armour
 23690 | Orc:2    | Reached skill level 17 in Stealth
 23729 | Orc:2    | Reached skill level 10 in Earth Magic
 23729 | Orc:2    | Reached XP level 16. HP: 46/100 MP: 26/26
 23990 | Orc:2    | Found Qano's Distillery.
 25242 | Orc:1    | Noticed Erolcha
 25284 | Orc:1    | Killed Erolcha
 26149 | D:12     | Found Sasikigo's Jewellery Boutique.
 27166 | D:13     | Found a blossoming altar of Fedhas.
 28377 | D:14     | Learned a level 5 spell: Borgnjor's Vile Clutch
 28440 | D:14     | Reached skill level 1 in Necromancy
 28589 | D:14     | Acquired 1196 gold pieces
 28985 | Orc:2    | Bought the +8 lance "Wyrmbane" {slay drac, rPois rF+ rC+
                  | AC+3} for 2585 gold pieces
 28985 | Orc:2    | Found the +8 lance "Wyrmbane" {slay drac, rPois rF+ rC+
                  | AC+3}
 29838 | D:15     | Entered Level 15 of the Dungeon
 29976 | D:15     | Reached skill level 1 in Polearms
 30411 | D:15     | Noticed Jorgrun
 30414 | D:15     | Killed Jorgrun
 30476 | D:15     | Reached XP level 17. HP: 104/104 MP: 23/27
 30570 | D:15     | Found a staircase to the Depths.
 31344 | Spider:1 | Entered Level 1 of the Spider Nest
 31496 | Lair:2   | Upgraded the game from 0.28-a0-802-g09f76e8 to
                  | 0.28-a0-804-g60983d4
 31843 | Spider:1 | Reached skill level 5 in Necromancy
 32769 | Spider:1 | Found a runed translucent door.
 33125 | Spider:2 | HP: 4/104 [jumping spider (4)]
 34368 | Spider:2 | Learned a level 5 spell: Lee's Rapid Deconstruction
 34519 | Spider:2 | HP: 2/104 [wolf spider (9)]
 34881 | Spider:1 | Reached skill level 5 in Polearms
 35089 | Swamp:1  | Entered Level 1 of the Swamp
 35910 | Swamp:1  | Noticed a thorn hunter
 36372 | Elf:1    | Entered Level 1 of the Elven Halls
 36438 | Elf:1    | HP: 3/104 [deep elf archer/arrow (22)]
 36441 | Elf:1    | HP: 1/104 [poisoned by a +2 mace of venom]
 37366 | Elf:1    | Upgraded the game from 0.28-a0-804-g60983d4 to
                  | 0.28-a0-811-g00180f5
 37375 | Elf:1    | Reached XP level 18. HP: 110/110 MP: 22/28
 39280 | Swamp:2  | Learned a level 6 spell: Statue Form
 39967 | Swamp:3  | HP: 4/110 [eleionoma/spray of wooden splinters (37)]
 39968 | Swamp:3  | Slain by an eleionoma

Illustrated notes

Levels and vault maps discovered:
D:1:      lemuel_arrival_river_ford, layout_rooms, serial_co_window_serial,
          co_window_paths_b, co_window_paths_b, co_window_paths_a,
          co_window_corner_a, co_window_corner_a, co_window_of_opportunity_a,
          co_window_paths_b, co_window_paths_a, co_window_paths_a,
          co_window_paths_c, co_window_2corner, co_window_corner_b,
          grunt_decor_mini_mirrors, minmay_split_cup_small
D:2:      layout_basic, serial_shops, nicolae_shop_behind_doors,
          basic_ecumenical_altar
D:3:      layout_loops_ring, mainiacjoe_overflow_surrounded_room,
          nicolae_hepliaklqana_hazy_memory, nzn_wu_jian_contemplation,
          grunt_temple_overflow_open, uniq_terence, uniq_natasha
D:4:      layout_gridville, ebering_ghost_disaster_area, minmay_manual_mares
D:5:      layout_loops_ring, temple_fountains, portal_sewer_entry_b,
          uniq_menkaure, uniq_grinder
D:6:      kennysheep_big_flooded_room, layout_loops_ring,
          nicolae_kikubaaqudgha_miasma_corner
D:7:      layout_basic
D:8:      layout_loops_ring, mainiacjoe_overflow_concentric_impassable,
          slow_altar_2, hellmonk_guarded_unrand_gyre_and_gimble, uniq_joseph
D:9:      layout_cave_pools, erik_lair_island, minmay_starry_boxes,
          uniq_gastronok, uniq_grum
D:10:     layout_loops_ring, overflow_temple_1_default, led_sif_book,
          nicolae_elyvilon_temple_path, hiddenorc2_lemuel, hive_lemuel,
          uniq_urug
D:11:     layout_roguey, gauntlet_entry_generic, enter_trove_5
D:12:     layout_irregular_city, serial_shops, shop
D:13:     layout_basic, grunt_vaults_entry_tiered, tgw_fedhas
D:14:     layout_roguey, kennysheep_potato
D:15:     hangedman_depths_entry_civil_slaughter, layout_basic, minivault_25,
          uniq_jorgrun
Temple:   jpeg_temple_island
Lair:1:   layout_layer_cave, lemuel_fruit_fields
Lair:2:   regret_index_bee_streams, layout_regular_city,
          minmay_swamp_entry_reptiles, spider_nest_entry_rubble,
          gammafunk_ghost_berserking_beasts, st_stairs_10, uniq_sonja
Lair:3:   gammafunk_cloud_chamber, layout_cave_pods, eino_house_with_fridge
Lair:4:   layout_big_grid, lemuel_fruit_tree, grunt_megastairs_1
Lair:5:   layout_cave_pods, dpeg_slime_entry_corner,
          portal_ice_cave_entry_ice_simulacra, nicolae_quartered_pool_little,
          grunt_forest_small_clearing_treed
Lair:6:   minmay_lair_end_frog_pond, layout_loops_ring
Swamp:1:  layout_falls_marsh, hangedman_swamp_cone
Swamp:2:  cheibrodos_swamp_heart_of_darkness, layout_basic_swamp,
          evilmike_swamp_ruin_rubble_2
Swamp:3:  layout_falls_marsh, hangedman_swamp_ruin_hall
Spider:1: layout_spider_delve, ebering_ghost_reflecting_pool
Spider:2: layout_spider_delve, nicolae_spider_claw_tunnel
Orc:1:    lemuel_ogre_cave, layout_caves, mines4_lemuel, uniq_snorg
Orc:2:    st_orc_open, layout_diamond_mine, nicolae_alphabet_shops
Elf:1:    layout_geoelf_octagon, minmay_elf_sorcery,
          hangedman_elven_crosses_minicolossus

Skill      XL: |  1  2  3  4  5  6  7  8  9 10 11 12 13 14 15 16 17 18 |
---------------+-------------------------------------------------------+-----
Short Blades   | 3 4 5 6 7 9 10 | 10.0
Fighting       | 3 4 6 8 10 11 | 11.4
Stealth        | 6 7 8 9 10 12 14 16 17 | 17.7
Spellcasting   | 1 2 3 4 5 7 |  7.1
Hexes          | 2 4 7 8 9 10 | 10.0
Ice Magic      | 2 4 |  4.0
Evocations     | 2 4 6 8 |  8.0
Dodging        | 3 5 7 9 11 12 13 | 13.5
Earth Magic    | 3 8 10 11 12 | 12.2
Transmutations | 3 6 8 |  8.7
Armour         | 1 3 |  3.2
Necromancy     | 3 8 9 |  9.0
Polearms       | 2 6 7 |  7.9
Throwing       | |  2.1

Action                   |  1- 3 |  4- 6 |  7- 9 | 10-12 | 13-15 | 16-18 || total
-------------------------+-------+-------+-------+-------+-------+-------++-------
Melee: Dagger            |    83 |    54 |   304 |    49 |   162 |   339 ||   991
       Pair of quick bla |       |       |       |   466 |  1184 |   848 ||  2498
       Lance             |       |       |       |       |       |    33 ||    33
Throw: Dart              |     7 |     6 |     5 |       |       |       ||    18
 Cast: Ensorcelled Hiber |       |       |    13 |    14 |    15 |       ||    42
       Petrify           |       |       |       |       |    15 |    44 ||    59
       Animate Armour    |       |       |       |       |     5 |    11 ||    16
       Borgnjor's Vile C |       |       |       |       |       |    38 ||    38
       Lee's Rapid Decon |       |       |       |       |       |     3 ||     3
Invok: Renounce Religion |     1 |       |       |       |       |       ||     1
       Lunge             |       |     3 |    32 |    45 |    81 |    96 ||   257
       Whirlwind         |       |       |    12 |    15 |    69 |    46 ||   142
       Serpent's Lash    |       |       |       |     1 |     4 |     5 ||    10
       Heavenly Storm    |       |       |       |       |     1 |     1 ||     2
Evoke: Wand              |       |       |     8 |    10 |    17 |    13 ||    48
       Piece from Xom's  |       |       |       |       |     2 |       ||     2
       Phantom mirror    |       |       |       |       |       |     1 ||     1
  Use: Scroll            |       |       |    13 |     7 |     5 |    16 ||    41
       Potion            |       |       |     2 |       |     7 |     7 ||    16
 Stab: Sleeping          |    17 |    10 |    31 |    47 |    92 |    88 ||   285
       Invisible         |       |       |     3 |       |    21 |       ||    24
       Distracted        |       |       |     3 |     3 |    17 |    11 ||    34
       Paralysed         |       |       |     1 |     4 |       |       ||     5
       Petrifying        |       |       |       |       |    11 |    12 ||    23
       Petrified         |       |       |       |       |     2 |    12 ||    14
Armor: Robe              |    13 |     4 |    34 |    35 |       |       ||    86
       Swamp dragon scal |       |       |       |     1 |   103 |   234 ||   338
       Leather armour    |       |       |       |       |    22 |       ||    22
Dodge: Dodged            |    37 |    19 |    90 |   144 |   439 |   592 ||  1321
Block: Other             |     8 |     6 |    45 |    33 |   118 |   135 ||   345
       Reflection        |       |       |       |     1 |     1 |     6 ||     8

Table legend: (Time is in decaauts)
 A = Elapsed time spent in this place.
 B = Non-inter-level travel time spent in this place.
 C = Inter-level travel time spent in this place.
 D = Time resting spent in this place.
 E = Time spent auto-exploring this place.
 F = Levels seen in this place.
 G = Mean time per level.
                   A        B        C        D        E       F      G
               +--------+--------+--------+--------+--------+-----+--------+
         Total |  38513 |  35971 |   2542 |   9221 |  20830 |  31 | 1242.4 |
       Dungeon |  17338 |  15937 |   1401 |   2398 |  11087 |  15 | 1155.9 |
        Temple |    242 |    242 |      0 |    241 |      0 |   1 |  242.0 |
          Lair |   9804 |   9210 |    594 |   1835 |   5692 |   6 | 1634.0 |
         Swamp |   2991 |   2960 |     31 |   1453 |    966 |   3 |  997.0 |
   Spider Nest |   3297 |   3206 |     91 |   1631 |   1147 |   2 | 1648.5 |
  Orcish Mines |   2438 |   2056 |    382 |    112 |   1543 |   2 | 1219.0 |
   Elven Halls |   1301 |   1262 |     39 |    945 |    144 |   1 | 1301.0 |
      Ice Cave |   1097 |   1097 |      0 |    606 |    250 |   1 | 1097.0 |
               +--------+--------+--------+--------+--------+-----+--------+

Top non-repeatable levels by time:
Spider:1: 2871 daAuts
  Lair:2: 2296 daAuts
  Lair:3: 1800 daAuts
 Swamp:2: 1752 daAuts
  Lair:6: 1671 daAuts
  Lair:5: 1538 daAuts
     D:7: 1519 daAuts
  Lair:1: 1506 daAuts
    D:10: 1479 daAuts
     D:9: 1337 daAuts
   Elf:1: 1301 daAuts
    D:13: 1291 daAuts
     D:6: 1285 daAuts
    D:15: 1269 daAuts
   Orc:1: 1254 daAuts
